 Dungeon Crawl Stone Soup version 0.27-a0-1456-gf5a1169 (webtiles) character file.

Game seed: 7800610062964051205

802 Meow the Chiller (level 7, -1/50 HPs)
             Began as a Ghoul Ice Elementalist on July 5, 2021.
             Slain by a troll (11 damage)
             ... on level 5 of the Dungeon.
             The game lasted 00:28:10 (7161 turns).

Meow the Chiller (Ghoul Ice Elementalist)           Turns: 7161, Time: 00:28:11

Health: -1/50      AC: 17    Str: 12    XL:     7   Next: 91%
Magic:  0/12       EV: 12    Int: 12    God:
Gold:   125        SH:  0    Dex:  9    Spells: 2/14 levels left

rFire    . . .     SeeInvis .   a - +2 dagger (protect)
rCold    + . .     Faith    .   (no shield)
rNeg     + + +     Spirit   .   i - +0 robe
rPois    ∞         Reflect  .   h - +0 helmet
rElec    .         Harm     .   (no cloak)
rCorr    .         Rampage  .   t - +0 pair of gloves
Will     .....                  (no boots)
Stlth    ++........             (no amulet)
HPRegen  0.00/turn              (no ring)
MPRegen  0.13/turn              (no ring)

@: ice-armoured, under a protective aura, freezing walls, very slightly
contaminated
A: claws 1, cold resistance 1, negative energy resistance 3, inhibited
regeneration, torment resistance 2
a: no special abilities


You were on level 5 of the Dungeon.
You visited 1 branch of the dungeon, and saw 6 of its levels.

You collected 125 gold pieces.

Inventory:

Hand Weapons
 a - a +2 dagger of protection (weapon)
 g - a +0 mace
 p - a +1 trident of venom
 s - a +4 dagger of venom
Missiles
 c - 95 stones (quivered)
 m - a throwing net
 n - 10 poisoned darts
 q - 14 arrows
Armour
 h - a +0 helmet (worn)
 i - a +0 robe (worn)
 t - a +0 pair of gloves (worn)
Scrolls
 b - a scroll of immolation
 d - a scroll of amnesia
 l - 2 scrolls of identify
 o - a scroll of enchant armour {unknown}
 r - a scroll of teleportation {unknown}
Potions
 f - a potion of degeneration
 k - a potion of berserk rage
 u - a potion of heal wounds {unknown}


   Skills:
 - Level 1.7 Dodging
 - Level 2.1 Stealth
 - Level 4.0 Spellcasting
 + Level 3.9 Conjurations
 + Level 6.6 Ice Magic
 - Level 3.0 Earth Magic


You had 2 spell levels left.
You knew the following spells:

 Your Spells              Type           Power      Damage    Failure   Level
a - Freeze                Ice            72%        1d9       1%          1
b - Searing Ray           Conj           22%        3d3       7%          2
e - Ozocubu's Armour      Ice            18%        N/A       4%          3
f - Frozen Ramparts       Ice            36%        1d5       4%          3
A - Stone Arrow           Conj/Erth      20%        3d8       16%         3

Your spell library contained the following spells:

 Spells                   Type           Power      Damage    Failure   Level
 Summon Small Mammal      Summ           8%         N/A       22%         1
 Hailstorm                Conj/Ice       15%        3d5       26%         4
 Conjure Flame            Conj/Fire      7%         6-21      30%         3
 Dazzling Flash           Conj/Hex       14%        N/A       30%         3
 Ignite Poison            Fire/Tmut/Pois 2%         N/A       54%         3
 Sticky Flame             Conj/Fire      7%         2d3       69%         4
 Animate Armour           Summ/Erth      12%        N/A       75%         4
 Freezing Cloud           Conj/Ice/Air   5%         6-21      82%         5
 Fireball                 Conj/Fire      3%         3d4       95%         5
 Orb of Destruction       Conj           5%         9d2       100%        7
 Spellforged Servitor     Conj/Summ      3%         N/A       100%        7
 Lehudib's Crystal Spear  Conj/Erth      5%         10d3      100%        8
 Summon Horrible Things   Summ           1%         N/A       100%        8


Dungeon Overview and Level Annotations

Branches:
Dungeon (6/15)
 Temple: D:4-7

Altars:
Hepliaklqana
Okawaru
Xom
Yredelemnul


Innate Abilities, Weirdness & Mutations

You thrive by killing the living.
You are immune to poison.
You have sharp fingernails.
Your flesh is cold resistant. (rC+)
You are immune to negative energy. (rN+++)
You do not regenerate when monsters are visible.
You are immune to unholy pain and torment.


Message History

You hit the troll.
Your weapon exudes an aura of protection.
The troll is lightly wounded.
The troll bites you. The troll claws you. x2
Unknown command.
Casting: Ozocubu's Armour (dangerous; 4% risk of failure)
Confirm with . or Enter, or press ? or * to list all spells.
Casting: Frozen Ramparts (dangerous; 4% risk of failure)
Press: ? - help, Dir - look around, f - activate The walls around you are covered in ice.
The wall freezes the troll.
The troll bites you. The troll closely misses you.
The troll claws you but does no damage.
Unknown command.
Casting: Frozen Ramparts (dangerous; 4% risk of failure)
Confirm with . or Enter, or press ? or * to list all spells.
Aiming: Stone Arrow (dangerous; 16% risk of failure)
Press: ? - help, Shift-Dir - straight line, f - troll
Aim: a troll (lightly wounded, 68% to hit)
The stone arrow hits the troll!
The troll is moderately wounded.
The wall freezes the troll.
The troll bites you! The troll claws you but does no damage.
The troll claws you.
* * * LOW HITPOINT WARNING * * *
Unknown command.
Casting: Stone Arrow (dangerous; 16% risk of failure)
Confirm with . or Enter, or press ? or * to list all spells.
Aiming: Stone Arrow (dangerous; 16% risk of failure)
Press: ? - help, Shift-Dir - straight line, f/p - troll
Aim: a troll (heavily wounded, 68% to hit)
You miscast Stone Arrow.
You are very lightly contaminated with residual magic.
Nothing appears to happen.
The wall freezes the troll.
The troll bites you.
* * * LOW HITPOINT WARNING * * *
The troll barely misses you. The troll closely misses you.
You hit the troll.
Your weapon exudes an aura of protection.
The troll is severely wounded.
The wall freezes the troll.
The troll bites you but does no damage. The troll claws you!
You die...

#.[..... #.......
##################.......
.........!......##.......
.................+.......
#..............#.......
#.....##.^.....'.......
#.....##.......#.......
#.....@T.....<.#.......
#.......#....≈≈≈.≈≈....
#.####...............##
#. ≈≈≈≈≈≈≈≈≈≈≈≈.≈.≈≈≈≈ #
##≈≈≈≈≈≈≈.≈≈≈≈≈≈≈≈≈≈
##....≈...≈......##
...#..≈.≈≈≈.......#
..###...≈≈.....##.#
....######## .#


You could see a troll.

Vanquished Creatures
  A black bear (D:4)
  2 ogres (D:5)
  A wyvern skeleton (D:5)
  A jelly (D:5)
  An orc priest (D:4)
  A bullfrog skeleton (D:5)
  2 iguanas (D:4)
  Natasha (D:2)
  4 orc wizards
  8 gnolls
  2 adders (D:4)
  An adder skeleton (D:4)
  A worm (D:2)
  6 dart slugs
  7 orcs
  6 ball pythons
  7 endoplasms
  4 giant cockroaches
  5 goblins
  7 hobgoblins
  11 jackals
  6 quokkas
  5 bats
  2 frilled lizards
  14 kobolds
  4 rats
110 creatures vanquished.

Notes
Turn   | Place    | Note
-------+----------+-------------------------------------------
     0 | D:1      | Meow the Ghoul Ice Elementalist began the quest for the
                  | Orb.
     0 | D:1      | Reached XP level 1. HP: 14/14 MP: 2/2
   406 | D:1      | Reached XP level 2. HP: 20/20 MP: 2/4
  1002 | D:1      | Reached XP level 3. HP: 26/26 MP: 3/5
  1008 | D:1      | Learned a level 3 spell: Frozen Ramparts
  1190 | D:1      | Reached skill level 1 in Earth Magic
  1982 | D:2      | Noticed Natasha
  2029 | D:3      | Found a shimmering altar of Xom.
  2290 | D:1      | Reached skill level 1 in Conjurations
  2522 | D:2      | Reached XP level 4. HP: 33/33 MP: 1/6
  2628 | D:2      | Reached skill level 5 in Ice Magic
  2769 | D:2      | Found a faded altar of an unknown god.
  3105 | D:2      | Got Sif Muna's Reference Book on the Dusty Entourage
  3614 | D:2      | Reached XP level 5. HP: 37/38 MP: 4/8
  3618 | D:2      | Learned a level 3 spell: Ozocubu's Armour
  3678 | D:2      | Killed Natasha
  4384 | D:3      | Reached XP level 6. HP: 24/45 MP: 3/9
  4525 | D:3      | Learned a level 3 spell: Stone Arrow
  5141 | D:3      | Identified a scroll of acquirement
  5142 | D:3      | Acquired the Tome of Conjuration
  6154 | D:4      | Found an iron altar of Okawaru.
  6219 | D:5      | Entered Level 5 of the Dungeon
  6260 | D:5      | Reached XP level 7. HP: 50/50 MP: 1/11
  6361 | D:5      | Learned a level 2 spell: Searing Ray
  6437 | D:5      | Noticed a troll
  6486 | D:4      | Found a basalt altar of Yredelemnul.
  6486 | D:4      | Found a hazy altar of Hepliaklqana.
  6509 | D:4      | Reached skill level 6 in Ice Magic
  7161 | D:5      | Slain by a troll

Illustrated notes

Levels and vault maps discovered:
D:1:      moated_graveyard_arrival, layout_basic, minmay_close_crescents
D:2:      layout_loops_cross, chequers_ecumenical_altar_simple_redux,
          minmay_vboxes, uniq_natasha
D:3:      layout_basic, lemuel_doored_altar
D:4:      minmay_chambers_of_threes, layout_loops_ring,
          nicolae_overflow_hidden_temple, lemuel_tele_altar,
          amcnicky_altar_gilded, serial_shops, nicolae_square_shop,
          hangedman_minor_gate_pass, uniq_menkaure
D:5:      layout_basic, chequers_serial_rivers_small_3, minmay_between,
          uniq_duvessa, uniq_sigmund
D:6:      layout_loops_ring, trog_three_pillars_becter,
          minmay_temple_entry_slanted, uniq_crazy_yiuf_cottage

Skill      XL: |  1  2  3  4  5  6  7 |
---------------+----------------------+-----
Spellcasting   | 2 3 4 |  4.0
Earth Magic    | 1 2 3 |  3.0
Conjurations   | 1 2 3 |  3.9
Ice Magic      | 5 6 |  6.6
Dodging        | |  1.7
Stealth        | |  2.1

Action                   |  1- 3 |  4- 6 |  7- 9 || total
-------------------------+-------+-------+-------++-------
Melee: Unarmed           |    53 |    60 |       ||   113
       Dagger            |       |    38 |    10 ||    48
Throw: Stone             |    16 |       |     2 ||    18
 Cast: Freeze            |    60 |    17 |     2 ||    79
       Frozen Ramparts   |     1 |    31 |     5 ||    37
       Ozocubu's Armour  |       |     5 |     5 ||    10
       Stone Arrow       |       |       |    10 ||    10
  Use: Scroll            |     1 |     5 |       ||     6
       Potion            |     1 |     1 |     1 ||     3
 Stab: Sleeping          |     4 |     2 |       ||     6
Armor: Robe              |    18 |    28 |    29 ||    75
Dodge: Dodged            |    57 |    56 |    35 ||   148

Table legend: (Time is in decaauts)
 A = Elapsed time spent in this place.
 B = Non-inter-level travel time spent in this place.
 C = Inter-level travel time spent in this place.
 D = Time resting spent in this place.
 E = Time spent auto-exploring this place.
 F = Levels seen in this place.
 G = Mean time per level.
                   A        B        C        D        E       F      G
               +--------+--------+--------+--------+--------+-----+--------+
         Total |   7180 |   6706 |    474 |   2378 |   2845 |   6 | 1196.7 |
       Dungeon |   7180 |   6706 |    474 |   2378 |   2845 |   6 | 1196.7 |
               +--------+--------+--------+--------+--------+-----+--------+

Top non-repeatable levels by time:
     D:1: 2198 daAuts
     D:3: 1825 daAuts
     D:2: 1403 daAuts
     D:4: 1151 daAuts
     D:5: 599 daAuts
     D:6: 1 daAuts
